AoeStats
← Randalfien

Hideout

503167291Analyzed
3v3 RM · 1mo ago on Aug 30, 2026· 51m 7s· 6 players
Game mode
Random Map
Map size
Normal (6 player)
Population
200
Speed
Normal
Resources
Standard
Victory
Conquest
Starting age
Dark Age
Ending age
Imperial Age
RankedLock teamsTeams togetherTeam positionsShared explorationLock speedFull tech treeHidden civsTurbo modeCheats
Victory
Defeat
🇨🇿 Poles · Czechia
1100
+16
🇹🇷 Slavs · Türkiye
1065
+17
🇹🇷 Franks · Türkiye
1060
+17
🇮🇳 Koreans · India
1137
-19
🇮🇳 Franks · India
1084
-16
🇮🇳 Britons · India
1055
-15
Kori
5:45 Loom
10:32 Feudal Age
15:05 Castle Age
14:22 Double-Bit Axe
14:56 Horse Collar
16:18 Bow Saw
16:43 Heavy Plow
22:57 Wheelbarrow
25:29 Scale Barding Armor
27:28 Chain Barding Armor
28:23 Forging
32:26 Imperial Age
30:07 Town Watch
31:46 Hand Cart
32:11 Iron Casting
31:57 Town Patrol
32:37 Detinets
32:37 Gold Mining
32:37 Stone Mining
33:49 Conscription
35:19 Elite Boyar
37:16 Plate Barding Armor
40:06 Blast Furnace
39:46 Fletching
43:22 Husbandry
43:32 Bloodlines
47:35 Scale Mail Armor
48:53 Chain Mail Armor
49:25 Coinage
48:57 Caravan
49:21 Man-at-Arms
50:02 Squires
50:35 Plate Mail Armor
49:57 Long Swordsman
50:41 Two-Handed Swordsman
Randalfien
10:01 Feudal Age
8:33 Loom
14:09 Castle Age
12:57 Stone Mining
12:59 Double-Bit Axe
13:06 Horse Collar
17:35 Heavy Plow
19:08 Szlachta Privileges
21:41 Scale Barding Armor
22:17 Bloodlines
26:09 Forging
32:48 Elite Skirmisher
33:57 Padded Archer Armor
33:47 Fletching
37:06 Bodkin Arrow
38:12 Leather Archer Armor
42:28 Imperial Age
40:50 Gold Mining
42:10 Chain Barding Armor
43:00 Wheelbarrow
42:10 Town Watch
43:13 Bracer
43:01 Cavalier
43:41 Husbandry
45:31 Conscription
47:46 Ballistics
49:06 Chemistry
47:57 Capped Ram
49:36 Iron Casting
medikinette
2:00 Loom
10:23 Feudal Age
17:51 Castle Age
15:57 Double-Bit Axe
21:43 Gambesons
21:58 Squires
23:50 Scale Barding Armor
23:56 Forging
28:49 Imperial Age
27:24 Chain Barding Armor
27:05 Town Watch
27:46 Squires
27:09 Pikeman
32:12 Iron Casting
33:00 Town Patrol
33:04 Husbandry
33:47 Cavalier
35:45 Wheelbarrow
37:52 Hand Cart
40:15 Plate Barding Armor
41:13 Gold Mining
40:57 Paladin
46:19 Blast Furnace
45:45 Chivalry
46:15 Conscription
vanshtap
9:36 Feudal Age
12:07 Double-Bit Axe
13:33 Fletching
18:41 Castle Age
17:37 Padded Archer Armor
18:05 Gold Mining
18:02 Horse Collar
19:23 Crossbowman
20:28 Bodkin Arrow
28:51 Ballistics
31:46 Loom
36:58 Imperial Age
38:55 Bracer
41:08 Chemistry
SJT
11:40 Feudal Age
12:35 Double-Bit Axe
16:32 Castle Age
16:50 Scale Barding Armor
17:03 Forging
26:37 Iron Casting
26:21 Husbandry
34:53 Fletching
35:26 Chain Barding Armor
36:40 Loom
39:21 Bow Saw
41:45 Wheelbarrow
43:52 Imperial Age
41:54 Pikeman
43:14 Squires
43:17 Scale Mail Armor
44:16 Halberdier
45:41 Chain Mail Armor
47:16 Plate Mail Armor
47:47 Blast Furnace
*Maverick*
11:17 Feudal Age
13:27 Loom
15:47 Castle Age
14:06 Double-Bit Axe
17:13 Bow Saw
18:08 Fletching
18:21 Horse Collar
22:57 Bodkin Arrow
25:13 Gold Mining
28:22 Wheelbarrow
33:31 Ballistics
36:05 Imperial Age
34:06 Hand Cart
38:04 Chemistry
37:12 Siege Engineers
38:24 Bracer
40:29 Husbandry
40:57 Elite War Wagon
41:39 Capped Ram
43:48 Scale Mail Armor
44:01 Elite Fire Lancer
44:43 Squires
44:29 Arson
44:30 Gambesons
45:02 Chain Mail Armor
45:14 Stone Mining
45:16 Heavy Rocket Cart
Connection lost

Rejoining the realm…

Still unreachable

The connection could not be restored.

Session expired

The server has moved on; the page needs a fresh start.